Unix NetHack Version 5.0.0-0 post-release - last build Jun 10 2026 00:39:30 (3ee93aec679c4c4259841fe613dc97188e26a321,branch:main).

Game began 2026-06-27 14:35:27, ended 2026-06-29 01:10:26.

IanCurtis, chaotic male elven Wizard

         |..
         |...|
        --...--        ----
        -.<...---.|    |....
       .....).....| ----@.%.h  G
        ..........---..u.---
         ..........|...---
          ........)..%.|
            ..----...---
             .   --...-
                  |....
                  -...

IanCurtis the Thaumaturge  St:11 Dx:12 Co:13 In:19 Wi:11 Ch:11  Chaotic
Dlvl:8  $:164 HP:0(41) Pw:22(49) AC:9  Xp:6 T:1869 

Latest messages:
 You descend the stairs.
 You kill the gnome!
 x - a sky blue potion.
 y - 9 arrows.
 You hit the gnome!
 You kill the gnome!
 You see here a pair of elven boots.
 z - a pair of elven boots.
 The gnome throws a dagger!
 You are hit by a dagger.
 The gnome wields a crossbow!
 The gnome wields 3 daggers!
 You kill the gnome!
 You are hit by a crossbow bolt!
 You are hit by a crossbow bolt.
 In what direction? u
 The spell hits it!
 You kill it!
 You hear something shatter!
 A bear trap closes on your foot!
 A - 11 crossbow bolts.
 In what direction? l
 You kill the gnome lord!
 The magic missile misses the dwarf.
 The magic missile hits the gnome lord!
 What do you want to write with? [- ac-emopr-tyA or ?*] a
 You write in the dust with a blessed +1 quarterstaff.
 What do you want to write in the dust here? Elbereth
 There is a bear trap here.
 Something is written here in the dust.
 You read: "?lbereth".
 You see here a crossbow.
 What do you want to write with? [- ac-emopr-tyA or ?*] -
 Do you want to add to the current engraving? [ynq] (y) n
 You wipe out the message that was written in the dust here.
 You write in the dust with your fingertip.
 What do you want to write in the dust here? Elbereth
 The pony kicks!
 The pony bites!
 The pony kicks!
 The pony bites!
 What do you want to write with? [- ac-emopr-tyA or ?*] -
 Do you want to add to the current engraving? [ynq] (y) n
 You wipe out the message that was written in the dust here.
 You write in the dust with your fingertip.
 What do you want to write in the dust here? Elbereth
 The pony kicks!
 The pony bites!
 You die...
 Do you want your possessions identified? [ynq] (y) q

Inventory:
 Coins    ('$')
  $ - 164 gold pieces
 Weapons  (')')
  y - 9 +0 arrows
  A - 11 +0 crossbow bolts
  r - the +3 Sting (weapon in right hand)
  a - a blessed +1 quarterstaff
 Armor    ('[')
  q - an uncursed +0 pair of leather gloves
  z - a cursed -1 pair of elven boots
  b - an uncursed +0 cloak of magic resistance (being worn)
 Scrolls  ('?')
  j - an uncursed scroll of enchant weapon
  i - 3 uncursed scrolls of identify
 Spellbooks  ('+')
  k - a blessed spellbook of force bolt
  l - an uncursed spellbook of magic missile
 Potions  ('!')
  x - a blessed potion of confusion
  g - an uncursed potion of gain energy
  h - an uncursed potion of monster detection
  w - an uncursed potion of water
 Rings    ('=')
  d - an uncursed +2 ring of increase damage
  e - an uncursed ring of see invisible
  o - a cursed ring of teleportation
 Wands    ('/')
  c - a wand of cold (0:5)
  s - a wand of create monster (0:0)
  t - a wand of fire (0:6)
 Tools    ('(')
  n - an uncursed bugle
  m - a magic marker (0:20)
  u - a blessed oil lamp (lit)
  v - a cursed partly used tallow candle
 Gems/Stones  ('*')
  p - an uncursed flint stone

IanCurtis the Wizard's attributes:

Background:
 You were a Thaumaturge, a level 6 male elven Wizard.
 You were chaotic, nominally on a mission for Anhur
 who was opposed by Ptah (lawful) and Thoth (neutral).
 You were right-handed.
 You were in the Gnomish Mines, on level 8.
 You entered the dungeon 1869 turns ago.
 It was nighttime.
 There was a full moon in effect when your adventure ended.
 You had 370 experience points, 270 more were needed to attain level 7.

Basics:
 You had 0 out of 41 hit points.
 You had 22 out of 49 energy points (spell power).
 Your armor class was 9.
 Your wallet contained 164 zorkmids.
 Autopickup was off.

Final Characteristics:
 Your strength was 11 (limit:18).
 Your dexterity was 12 (base:13, limit:18).
 Your constitution was 13 (limit:16).
 Your intelligence was 19 (limit:20).
 Your wisdom was 11 (limit:20).
 Your charisma was 11 (limit:18).

Final Status:
 You were trapped in a bear trap.
 You had a wounded right leg.
 You weren't hungry.
 You were unencumbered.
 You were wielding a dagger.
 You had basic skill with dagger.

Final Attributes:
 You were devoutly aligned.
 You were magic-protected.
 You were sleep resistant.
 You were telepathic.
 You were aware of the presence of orcs.
 You had infravision.
 You were warded.
 You are dead.

Miscellaneous:
 You didn't encounter any bones levels.
 Total elapsed playing time was 17 minutes and 15 seconds.

Major events:
 Turn
    1: IanCurtis the chaotic male elven Wizard entered the dungeon
  442: found Sting in a shop
 1037: entered the Gnomish Mines
 1039: attained the rank of Conjurer (level 3)
 1743: attained the rank of Thaumaturge (level 6)
 1869: killed by a pony

Spells:
 Name                 Level Category     Fail Retention
 force bolt             1   attack         0%  91%-100%
 magic missile          2   attack         0%  91%-100%

Skills:
 Fighting Skills
   bare handed combat [Unskilled]
   riding             [Unskilled]
 Weapon Skills
   dagger             [Basic]
   knife              [Unskilled]
   axe                [Unskilled]
   short sword        [Unskilled]
   club               [Unskilled]
   mace               [Unskilled]
   quarterstaff       [Basic]
   polearms           [Unskilled]
   spear              [Unskilled]
   trident            [Unskilled]
   sling              [Unskilled]
   dart               [Unskilled]
   shuriken           [Unskilled]
 Spellcasting Skills
   attack spells      [Basic]
   healing spells     [Unskilled]
   divination spells  [Unskilled]
   enchantment spells [Basic]
   clerical spells    [Unskilled]
   escape spells      [Unskilled]
   matter spells      [Unskilled]

Voluntary challenges:
 Character rerolling was not enabled.
 You were an atheist.
 You never genocided any monsters.
 You never polymorphed an object.
 You never changed form.
 You used no wishes.
Achievements:
 You entered a shop.
 You entered the Gnomish Mines.
 You attained the rank of Conjurer.
 You attained the rank of Thaumaturge.

 The Dungeons of Doom: levels 1 to 2
    Level 1: "vault"
       An altar to Anhur, a fountain.
    Level 2:
       A weapon shop.
       Stairs down to The Gnomish Mines.
 The Gnomish Mines: levels 3 to 8
    Level 3:
    Level 7:
    Level 8: <- You were here.
       Final resting place for
          you, killed by a pony.


Vanquished creatures:
  5 gnome leaders
  a gnomish wizard
 an elf zombie
  a floating eye
  4 dwarves
 an iguana
  2 hobbits
  a hobgoblin
  3 giant rats
  5 cave spiders
 20 gnomes
  3 jackals
  a fox
  a kobold
  6 grid bugs
  4 lichens
  8 newts
67 creatures vanquished.

No species were genocided or became extinct.

Game over:
                       ----------
                      /          \
                     /    REST    \
                    /      IN      \
                   /     PEACE      \
                  /                  \
                  |    IanCurtis     |
                  |      164 Au      |
                  | killed by a pony |
                  |                  |
                  |                  |
                  |                  |
                  |       2026       |
                 *|     *  *  *      | *
        _________)/\\_//(\/(/\)/\//\/|_)_______

Goodbye IanCurtis the Wizard...

You died in The Gnomish Mines on dungeon level 8 with 1978 points,
and 164 pieces of gold, after 1869 moves.
You were level 6 with a maximum of 41 hit points when you died.

